 Dungeon Crawl Stone Soup version 0.26-a0-1126-g3318b609a0 (webtiles) character file.

Game seed: 6369896664740941188

1407 hehateme the Thaumaturge (level 8, -6/58 HPs)
             Began as a Gnoll Hedge Wizard on Dec 18, 2020.
             Was an Initiate of Gozag.
             Mangled by a hornet (16 damage)
             ... on level 7 of the Dungeon.
             The game lasted 00:30:21 (12260 turns).

hehateme the Thaumaturge (Gnoll Hedge Wizard)      Turns: 12260, Time: 00:30:22

Health: -6/58      AC:  4    Str: 15    XL:     8   Next: 70%
Magic:  18/20      EV: 15    Int: 16    God:    Gozag
Gold:   567        SH:  6    Dex: 15    Spells: 5/23 levels left

rFire    . . .     SeeInvis .   J - +1 whip (elec)
rCold    . . .     Faith    .   m - +1 buckler
rNeg     . . .     Spirit   .   b - +0 robe
rPois    .         Reflect  .   c - +0 hat
rElec    .         Harm     .   (no cloak)
rCorr    .         Rampage  .   g - +0 pair of gloves
Will     .....                  f - +0 pair of boots
Stlth    +++.......             (no amulet)
HPRegen  0.19/turn              (no ring)
MPRegen  0.17/turn              (no ring)

@: slowed, very slow
A: distributed training, fangs 1, strong nose
a: Renounce Religion, Potion Petition, Call Merchant, Bribe Branch


You were on level 7 of the Dungeon.
You worshipped Gozag.
Gozag was pleased with you.
You visited 2 branches of the dungeon, and saw 8 of its levels.

You collected 659 gold pieces.
You paid 92 gold pieces to Gozag.

Inventory:

Hand Weapons
 a - a +0 dagger
 j - a +0 spear
 J - a +1 whip of electrocution (weapon)
Missiles
 k - 110 bolts
 r - 269 stones
 u - 5 javelins
 G - 15 sling bullets
 M - 13 poisoned darts
 Q - 257 arrows
Armour
 b - a +0 robe (worn)
 c - a +0 hat (worn)
 f - a +0 pair of boots (worn)
 g - a +0 pair of gloves (worn)
 m - a +1 buckler (worn)
 w - a cursed +0 chain mail
 L - a scarf of harm
Jewellery
 A - an uncursed amulet of regeneration {unknown}
 F - an uncursed ring of protection from fire
 N - a cursed +4 ring of protection {unknown}
Wands
 B - a wand of acid (5)
Scrolls
 e - 2 scrolls of enchant armour
 h - 4 scrolls of immolation {!r}
 i - a scroll of identify
 n - a scroll of enchant weapon {unknown}
 o - 5 scrolls of remove curse
 p - 2 scrolls of magic mapping {unknown}
 q - 2 scrolls of amnesia
 t - 2 scrolls of teleportation
 x - 2 scrolls of noise {unknown}
 E - 2 scrolls of blinking {unknown}
 I - a scroll of random uselessness {unknown}
 K - a scroll of fear {unknown}
Potions
 d - 2 potions of haste
 l - a potion of curing
 s - a potion of resistance
 v - 4 potions of attraction {!q}
 z - a potion of magic
 C - 2 potions of might {unknown}
 D - a potion of berserk rage {unknown}
 H - a potion of cancellation {unknown}
 O - a potion of brilliance {unknown}


   Skills:
 + Level 3.5 Fighting
 + Level 3.5 Short Blades
 + Level 3.5 Long Blades
 + Level 3.5 Axes
 + Level 3.5 Maces & Flails
 + Level 3.5 Polearms
 + Level 3.5 Staves
 + Level 3.5 Slings
 + Level 3.5 Bows
 + Level 3.5 Crossbows
 + Level 3.5 Throwing
 + Level 3.5 Armour
 + Level 5.8 Dodging
 + Level 5.5 Stealth
 + Level 3.5 Shields
 + Level 3.5 Unarmed Combat
 + Level 8.0 Spellcasting
 + Level 3.6 Conjurations
 + Level 2.8 Hexes
 + Level 3.6 Summonings
 + Level 2.8 Necromancy
 + Level 3.6 Translocations
 + Level 2.8 Transmutations
 + Level 2.8 Fire Magic
 + Level 2.8 Ice Magic
 + Level 2.8 Air Magic
 + Level 2.8 Earth Magic
 + Level 2.8 Poison Magic
 + Level 3.8 Invocations
 + Level 3.5 Evocations


You had 5 spell levels left.
You knew the following spells:

 Your Spells              Type           Power        Failure   Level
a - Magic Dart            Conj           72%          2%          1
b - Blink                 Tloc           N/A          4%          2
c - Call Imp              Summ           18%          4%          2
d - Conjure Flame         Conj/Fire      16%          9%          3
e - Ensorcelled Hibernat  Hex/Ice        30%          5%          2
f - Dazzling Flash        Conj/Hex       32%          9%          3
s - Slow                  Hex            15%          5%          2
x - Mephitic Cloud        Conj/Pois/Air  16%          10%         3

Your spell library contained the following spells:

 Spells                   Type           Power        Failure   Level
 Corona                   Hex            16%          3%          1
 Confusing Touch          Hex            15%          11%         3
 Tukima's Dance           Hex            15%          11%         3


Dungeon Overview and Level Annotations

Branches:
Dungeon (7/15)             Temple (1/1) D:5

Altars:
Ashenzari
Cheibriados
Dithmenos
Elyvilon
Fedhas
Gozag
Hepliaklqana
Kikubaaqudgha
Makhleb
Nemelex Xobeh
Okawaru
Qazlal
Sif Muna
Trog
Uskayaw
Vehumet
Wu Jian
Xom
Yredelemnul
Zin
The Shining One

Shops:
D:6 (

Annotations:
D:2 Natasha
D:3 exclusion: centaur


Innate Abilities, Weirdness & Mutations

Your experience applies equally to all skills.
You have very sharp teeth.
Your uncanny sense of smell can sniff out nearby items.


Message History

You feel as though you will be slow longer.
The hornet closely misses you.
You take 14 damage, and have 23/58 hp.
GAME OVER YEAH!!
Aim: a hornet (heavily wounded, 40% to evade) Really fire in your crimson imp's direction?
The bolt of acid hits the hornet.
The hornet is splashed with acid!
The acid corrodes the hornet!
The bolt of acid misses your crimson imp.
You feel sick. The hornet stings you!
* * * LOW HITPOINT WARNING * * *
You are more poisoned.
You feel as though you will be slow longer.
Your crimson imp blinks!
The hornet closely misses you.
You take 18 damage, and have 5/58 hp.
GAME OVER YEAH!!
You feel better. The hornet closely misses you. The hornet stings you!
You die...
Your body crumbles into a pile of gold.

###. .... ##..#
##... .... ##...##
##.... $ .....
#.....## #.....
..... ##......##
#..... ......
#........# ##....
..5...####........##
#....
........#5.........#
##... ∆
#§y@.........## #...
###...........# ##..
#...........## ###
#.......)...##
#.........)..# ####
##........#...###.##
#.......#####)......
#.....### ##......#
##.#### ##.......#

Skill      XL: |  1  2  3  4  5  6  7  8 |
---------------+-------------------------+-----
Conjurations   | 2 3 |  3.6
Summonings     | 2 3 |  3.6
Translocations | 2 3 |  3.6
Invocations    | 1 2 3 |  3.8
Fighting       | 1 2 3 |  3.5
Short Blades   | 1 2 3 |  3.5
Long Blades    | 1 2 3 |  3.5
Axes           | 1 2 3 |  3.5
Maces & Flails | 1 2 3 |  3.5
Polearms       | 1 2 3 |  3.5
Staves         | 1 2 3 |  3.5
Slings         | 1 2 3 |  3.5
Bows           | 1 2 3 |  3.5
Crossbows      | 1 2 3 |  3.5
Throwing       | 1 2 3 |  3.5
Armour         | 1 2 3 |  3.5
Shields        | 1 2 3 |  3.5
Unarmed Combat | 1 2 3 |  3.5
Evocations     | 1 2 3 |  3.5
Hexes          | 1 2 |  2.8
Necromancy     | 1 2 |  2.8
Transmutations | 1 2 |  2.8
Fire Magic     | 1 2 |  2.8
Ice Magic      | 1 2 |  2.8
Air Magic      | 1 2 |  2.8
Earth Magic    | 1 2 |  2.8
Poison Magic   | 1 2 |  2.8
Dodging        | 5 |  5.8
Stealth        | 5 |  5.5
Spellcasting   | 8 |  8.0

Notes
Turn   | Place    | Note
-------+----------+-------------------------------------------
     0 | D:1      | hehateme the Gnoll Hedge Wizard began the quest for the
                  | Orb.
     0 | D:1      | Reached XP level 1. HP: 13/13 MP: 8/8
    93 | D:1      | Reached skill level 2 in Conjurations
    93 | D:1      | Reached skill level 2 in Summonings
    93 | D:1      | Reached skill level 2 in Translocations
   111 | D:1      | Reached XP level 2. HP: 18/19 MP: 1/10
   985 | D:2      | Learned a level 2 spell: Call Imp
   988 | D:2      | Learned a level 2 spell: Blink
  1057 | D:2      | Reached XP level 3. HP: 25/25 MP: 9/11
  1448 | D:2      | Reached skill level 1 in Invocations
  1513 | D:2      | Reached skill level 1 in Fighting
  1513 | D:2      | Reached skill level 1 in Short Blades
  1513 | D:2      | Reached skill level 1 in Long Blades
  1513 | D:2      | Reached skill level 1 in Axes
  1513 | D:2      | Reached skill level 1 in Maces & Flails
  1513 | D:2      | Reached skill level 1 in Polearms
  1513 | D:2      | Reached skill level 1 in Staves
  1513 | D:2      | Reached skill level 1 in Slings
  1513 | D:2      | Reached skill level 1 in Bows
  1513 | D:2      | Reached skill level 1 in Crossbows
  1513 | D:2      | Reached skill level 1 in Throwing
  1513 | D:2      | Reached skill level 1 in Armour
  1513 | D:2      | Reached skill level 1 in Shields
  1513 | D:2      | Reached skill level 1 in Unarmed Combat
  1513 | D:2      | Reached skill level 1 in Evocations
  1513 | D:2      | Reached XP level 4. HP: 30/32 MP: 4/13
  1759 | D:2      | Noticed Natasha
  1792 | D:2      | Reached skill level 1 in Hexes
  1792 | D:2      | Reached skill level 1 in Necromancy
  1792 | D:2      | Reached skill level 1 in Transmutations
  1792 | D:2      | Reached skill level 1 in Fire Magic
  1792 | D:2      | Reached skill level 1 in Ice Magic
  1792 | D:2      | Reached skill level 1 in Air Magic
  1792 | D:2      | Reached skill level 1 in Earth Magic
  1792 | D:2      | Reached skill level 1 in Poison Magic
  1977 | D:2      | Learned a level 3 spell: Conjure Flame
  1981 | D:2      | Learned a level 3 spell: Mephitic Cloud
  1984 | D:2      | Learned a level 2 spell: Slow
  2060 | D:2      | Found a snail-covered altar of Cheibriados.
  2060 | D:2      | Found a glowing golden altar of the Shining One.
  2372 | D:3      | Found a glowing silver altar of Zin.
  3448 | D:3      | Reached XP level 5. HP: 37/37 MP: 10/14
  3639 | D:3      | Noticed a centaur
  4125 | D:3      | Found a radiant altar of Vehumet.
  4135 | D:3      | Found a burning altar of Makhleb.
  4742 | D:4      | Reached XP level 6. HP: 30/44 MP: 10/16
  4752 | D:4      | Reached skill level 2 in Invocations
  5367 | D:4      | Reached skill level 5 in Dodging
  5545 | D:4      | Reached skill level 2 in Fighting
  5545 | D:4      | Reached skill level 2 in Short Blades
  5545 | D:4      | Reached skill level 2 in Long Blades
  5545 | D:4      | Reached skill level 2 in Axes
  5545 | D:4      | Reached skill level 2 in Maces & Flails
  5545 | D:4      | Reached skill level 2 in Polearms
  5545 | D:4      | Reached skill level 2 in Staves
  5545 | D:4      | Reached skill level 2 in Slings
  5545 | D:4      | Reached skill level 2 in Bows
  5545 | D:4      | Reached skill level 2 in Crossbows
  5545 | D:4      | Reached skill level 2 in Throwing
  5545 | D:4      | Reached skill level 2 in Armour
  5545 | D:4      | Reached skill level 2 in Shields
  5545 | D:4      | Reached skill level 2 in Unarmed Combat
  5545 | D:4      | Reached skill level 2 in Evocations
  5946 | D:4      | HP: 11/44 [poisoned by a worker ant]
  5951 | D:4      | HP: 9/44 [poisoned by a worker ant]
  5956 | D:4      | HP: 7/44 [poisoned by a worker ant]
  5962 | D:4      | HP: 5/44 [poisoned by a worker ant]
  5970 | D:4      | HP: 4/44 [poisoned by a worker ant]
  6672 | D:5      | Entered Level 5 of the Dungeon
  6685 | D:5      | Learned a level 2 spell: Ensorcelled Hibernation
  6689 | D:5      | Learned a level 3 spell: Dazzling Flash
  6699 | D:5      | Reached XP level 7. HP: 50/50 MP: 12/18
  6753 | D:5      | Noticed Ijyb
  6986 | D:5      | HP: 12/50 [centaur/arrow (10)]
  6987 | D:5      | HP: 5/50 [centaur/arrow (7)]
  7793 | D:5      | Reached skill level 3 in Conjurations
  7793 | D:5      | Reached skill level 2 in Hexes
  7793 | D:5      | Reached skill level 3 in Summonings
  7793 | D:5      | Reached skill level 2 in Necromancy
  7793 | D:5      | Reached skill level 3 in Translocations
  7793 | D:5      | Reached skill level 2 in Transmutations
  7793 | D:5      | Reached skill level 2 in Fire Magic
  7793 | D:5      | Reached skill level 2 in Ice Magic
  7793 | D:5      | Reached skill level 2 in Air Magic
  7793 | D:5      | Reached skill level 2 in Earth Magic
  7793 | D:5      | Reached skill level 2 in Poison Magic
  7870 | D:5      | Found a shimmering blue altar of Sif Muna.
  7888 | D:5      | Reached skill level 5 in Stealth
  7892 | D:5      | Killed Ijyb
  8187 | D:5      | Found a sparkling altar of Nemelex Xobeh.
  8189 | D:5      | Found a hide-covered altar of Uskayaw.
  8191 | D:5      | Found a basalt altar of Yredelemnul.
  8193 | D:5      | Found a hazy altar of Hepliaklqana.
  8194 | D:5      | Found a white marble altar of Elyvilon.
  8222 | D:5      | Reached skill level 3 in Invocations
  8344 | D:5      | HP: 10/51 [phantom (9)]
  8843 | D:5      | Reached XP level 8. HP: 39/57 MP: 12/19
  8940 | D:5      | Found a staircase to the Ecumenical Temple.
  9035 | Temple   | Entered the Ecumenical Temple
  9273 | Temple   | Became a worshipper of Gozag Ym Sagoz the Greedy
  9332 | D:5      | Reached skill level 3 in Fighting
  9332 | D:5      | Reached skill level 3 in Short Blades
  9332 | D:5      | Reached skill level 3 in Long Blades
  9332 | D:5      | Reached skill level 3 in Axes
  9332 | D:5      | Reached skill level 3 in Maces & Flails
  9332 | D:5      | Reached skill level 3 in Polearms
  9332 | D:5      | Reached skill level 3 in Staves
  9332 | D:5      | Reached skill level 3 in Slings
  9332 | D:5      | Reached skill level 3 in Bows
  9332 | D:5      | Reached skill level 3 in Crossbows
  9332 | D:5      | Reached skill level 3 in Throwing
  9332 | D:5      | Reached skill level 3 in Armour
  9332 | D:5      | Reached skill level 3 in Shields
  9332 | D:5      | Reached skill level 3 in Unarmed Combat
  9332 | D:5      | Reached skill level 3 in Evocations
 10748 | D:6      | Found Saoko's Antique Weapon Emporium.
 10907 | D:7      | Noticed a hornet
 11141 | D:7      | Reached skill level 8 in Spellcasting
 11982 | D:7      | Found an ancient bone altar of Kikubaaqudgha.
 12259 | D:7      | HP: 5/58 [hornet (17)]
 12260 | D:7      | Mangled by a hornet

Table legend: (Time is in decaauts)
 A = Elapsed time spent in this place.
 B = Non-inter-level travel time spent in this place.
 C = Inter-level travel time spent in this place.
 D = Time resting spent in this place.
 E = Time spent auto-exploring this place.
 F = Levels seen in this place.
 G = Mean time per level.
                   A        B        C        D        E       F      G
               +--------+--------+--------+--------+--------+-----+--------+
         Total |  12284 |  11962 |    322 |   3335 |   6865 |   8 | 1535.5 |
       Dungeon |  12037 |  11755 |    282 |   3335 |   6663 |   7 | 1719.6 |
        Temple |    246 |    206 |     40 |      0 |    202 |   1 |  246.0 |
               +--------+--------+--------+--------+--------+-----+--------+

Top non-repeatable levels by time:
     D:4: 2954 daAuts
     D:3: 2235 daAuts
     D:5: 1834 daAuts
     D:6: 1615 daAuts
     D:2: 1430 daAuts
     D:7: 1003 daAuts
     D:1: 964 daAuts
  Temple: 246 daAuts

Table legend:
 A = Kills in this place as a percentage of kills in entire the game.
 B = Kills by you in this place as a percentage of kills by you in the entire game.
 C = Kills by friends in this place as a percentage of kills by friends in the entire game.
 D = Other kills in this place as a percentage of other kills in the entire game.
 E = Experience gained in this place as a percentage of experience gained in the entire game.
 F = Experience gained in this place divided by the number of levels of this place that you have seen.
                   A       B       C       D       E      F
               +-------+-------+-------+-------+-------+----------------------
         Total | 100.0 | 100.0 | 100.0 | 100.0 | 100.0 | 251.4
       Dungeon | 100.0 | 100.0 | 100.0 | 100.0 | 100.0 | 287.3
               +-------+-------+-------+-------+-------+----------------------

Action                   |  1- 3 |  4- 6 |  7- 9 || total
-------------------------+-------+-------+-------++-------
Melee: Dagger            |     2 |    16 |    73 ||    91
       Spear             |       |   102 |    31 ||   133
       Bite              |       |    11 |    11 ||    22
       Whip              |       |       |    20 ||    20
 Cast: Magic Dart        |    63 |    89 |    57 ||   209
       Call Imp          |     4 |    42 |   103 ||   149
       Blink             |     1 |     1 |     8 ||    10
       Mephitic Cloud    |       |     1 |     8 ||     9
       Conjure Flame     |       |     3 |     3 ||     6
Evoke: Wand              |       |       |     8 ||     8
  Use: Scroll            |       |    10 |       ||    10
       Potion            |       |       |     2 ||     2
 Stab: Sleeping          |       |     1 |       ||     1
       Distracted        |       |     2 |     1 ||     3
       Paralysed         |       |       |     7 ||     7
       Confused          |       |       |     1 ||     1
Armor: Robe              |     1 |    19 |    23 ||    43
Dodge: Dodged            |     5 |    74 |    99 ||   178
Block: Buckler           |       |    22 |    55 ||    77

Vanquished Creatures
  A phantom (D:5)
  An ogre (D:7)
  3 centaurs (D:5)
  A bullfrog (D:6)
  A crimson imp (D:3)
  A centaur zombie (D:6)
  A bullfrog zombie (D:7)
  A jelly (D:7)
  A hound (D:4)
  A bullfrog skeleton (D:6)
  An orc wizard (D:2)
  An iguana (D:5)
  Ijyb (D:5)
  3 worker ants (D:4)
  A hound zombie (D:7)
  2 hound skeletons (D:4)
  6 adders
  An ufetubus (D:7)
  An adder skeleton (D:4)
  2 adder zombies (D:6)
  2 dart slugs
  4 leopard geckos
  6 orcs
  7 giant cockroaches
  5 goblins
  8 hobgoblins
  3 jackals
  6 quokkas
  5 bats
  4 frilled lizards
  5 kobolds
  5 rats
91 creatures vanquished.

Vanquished Creatures (collateral kills)
  An orc warrior (D:5)
  A sky beast (D:6)
  A centaur (D:5)
  2 ogres
  2 scorpions
  A howler monkey (D:6)
  2 jellies
  An orc priest (D:3)
  3 worker ants
  4 orc wizards
  3 gnolls
  3 adders
  An ufetubus (D:5)
  A leopard gecko (D:6)
  21 orcs
  A giant cockroach (D:5)
  A goblin (D:3)
  A hobgoblin (D:3)
  A jackal (D:2)
  2 kobolds (D:3)
  A quokka (D:5)
  A bat (D:2)
  3 frilled lizards
  A rat (D:2)
59 creatures vanquished.

Grand Total: 150 creatures vanquished You could see a hornet (corroded), a friendly crimson imp (summoned) and a friendly shadow imp (summoned).

Levels and vault maps discovered:
D:1:      dpeg_arrival_rooms_a, layout_rooms
D:2:      layout_loops_ring, gammafunk_temple_overflow_elements, serial_rivers,
          chequers_serial_rivers_large_a, chequers_serial_rivers_micro_e,
          chequers_serial_rivers_micro_c, chequers_serial_rivers_room_b,
          chequers_serial_rivers_micro_d, grunt_ministairs_11, uniq_natasha
D:3:      layout_basic, grunt_temple_overflow_lords_of_destruction,
          overflow_temple_1_default
D:4:      minmay_bubble_buster, layout_basic
D:5:      layout_gridville, grunt_temple_overflow_open, temple_fountains,
          uniq_ijyb
D:6:      layout_loops_ring, serial_shops, shop
D:7:      layout_cave_pods, basic_altar
Temple:   dpeg_chambers_temple
